 Dungeon Crawl Stone Soup version 0.24.0-13-gcf9b3192b9 (webtiles) character file.

Game seed: 16406160109940153103, levelgen mode: deterministic

273 Delamore the Cleaver (level 6, -5/51 HPs)
             Began as a Hill Orc Fighter on Nov 9, 2019.
             Was an Initiate of Beogh.
             Slain by an orc warrior
             ... wielding a +0 dire flail
              (16 damage)
             ... on level 4 of the Dungeon.
             The game lasted 00:04:25 (2833 turns).

Delamore the Cleaver (Hill Orc Fighter)             Turns: 2833, Time: 00:04:27

Health: -5/51      AC:  8    Str: 21    XL:     6   Next: 24%
Magic:  6/6        EV:  7    Int:  8    God:    Beogh [......]
Gold:   118        SH:  9    Dex: 10    Spells: 5/5 levels left

rFire    . . .     SeeInvis .   a - +0 war axe
rCold    . . .     Gourm    .   c - +0 shield
rNeg     . . .     Faith    .   b - +0 scale mail
rPois    .         Spirit   .   (no helmet)
rElec    .         Reflect  .   (no cloak)
rCorr    .         Harm     .   (no gloves)
MR       .....                  n - +0 pair of boots
Stlth    ..........             (no amulet)
HPRegen  0.17/turn              (no ring)
MPRegen  0.10/turn              (no ring)

@: no status effects
A: no striking features
a: Renounce Religion


You were on level 4 of the Dungeon.
You worshipped Beogh.
Beogh was noncommittal.
You were hungry.

You visited 1 branch of the dungeon, and saw 4 of its levels.

You collected 118 gold pieces.

Inventory:

Hand Weapons
 a - a +0 war axe (weapon)
Armour
 b - a +0 scale mail (worn)
 c - a +0 shield (worn)
 n - a +0 pair of boots (worn)
Jewellery
 r - an uncursed ring of protection from magic {unknown}
Scrolls
 e - a scroll of enchant weapon {unknown}
 g - 2 scrolls of remove curse {unknown}
 h - a scroll of noise {unknown}
 i - a scroll of immolation {unknown}
 j - a scroll of amnesia {unknown}
 k - 6 scrolls of identify {unknown}
 l - 2 scrolls of teleportation {unknown}
 p - 2 scrolls of blinking {unknown}
 q - a scroll of fog {unknown}
 s - a scroll of enchant armour {unknown}
 v - a scroll of magic mapping {unknown}
Potions
 d - 4 potions of might
 m - 3 potions of flight {unknown}
 o - 5 potions of heal wounds {unknown}
 t - a potion of curing {unknown}
 u - a potion of agility {unknown}
Comestibles
 f - 3 rations


   Skills:
 - Level 3.6 Fighting
 + Level 8.2 Axes
 - Level 3.2 Armour
 - Level 0.1 Dodging
 + Level 0.7 Stealth
 - Level 3.2 Shields


You had 5 spell levels left.
You didn't know any spells.
Your spell library was empty.

Dungeon Overview and Level Annotations

Branches:
Dungeon (4/15)
 Temple: D:4-7

Altars:
Trog


Message History

The adder bites you.
An orc comes into view.
The orc warrior hits you with a +0 dire flail!!
The bullfrog hits you. The adder barely misses you.
You barely miss the bullfrog. You closely miss the adder.
You hit the orc warrior but do no damage.
The bullfrog hits you but does no damage.
The adder bites you.
The orc wizard gestures wildly while chanting.
The orc wizard flickers and vanishes!
Deactivating autopickup; reactivate with Ctrl-A.
You closely miss the orc warrior. You slash the adder! You hit the bullfrog.
You block the bullfrog's attack. The adder bites you but does no damage.
The orc warrior hits you with a +0 dire flail!
* * * LOW HITPOINT WARNING * * *
The bullfrog hits you but does no damage.
Something hits you but does no damage. You block the adder's attack.
The orc warrior hits you with a +0 dire flail!
You die...
Beogh appreciates the orc warrior's killing of a heretic priest.

## # #.. .# #..####
#.# ....#####..#
...!......#
#o.......#
##.)FS....###
#..o@.......#
##...........#
#............#
#............##
##.............####
#............#.##.#
#.>.........##..#.##
##...........###....#
#...........##
#....##


You could see an orc warrior, a bullfrog, an adder and an orc.

Vanquished Creatures
  An orc wizard (D:4)
  A worker ant (D:4)
  7 gnolls
  4 adders
  2 oozes
  6 worms
  3 dart slugs
  A leopard gecko (D:2)
  11 orcs
  3 ball pythons
  7 bats
  6 giant cockroaches
  3 goblins (D:2)
  5 hobgoblins
  8 jackals
  2 quokkas
  3 frilled lizards
  4 kobolds (D:3)
  6 rats
83 creatures vanquished.

Vanquished Creatures (others)
  A goblin (D:3)
1 creature vanquished.

Grand Total: 84 creatures vanquished

Notes
Turn   | Place    | Note
-------+----------+-------------------------------------------
     0 | D:1      | Delamore the Hill Orc Fighter began the quest for the Orb.
     0 | D:1      | Reached XP level 1. HP: 19/19 MP: 1/1
    64 | D:1      | Reached skill level 3 in Axes
   190 | D:1      | Reached XP level 2. HP: 26/26 MP: 2/2
   396 | D:1      | Reached skill level 4 in Axes
   484 | D:2      | Reached XP level 3. HP: 21/31 MP: 3/3
   493 | D:2      | Reached skill level 5 in Axes
   727 | D:2      | Reached XP level 4. HP: 32/39 MP: 4/4
   863 | D:2      | Reached skill level 6 in Axes
  1104 | D:2      | Reached XP level 5. HP: 34/45 MP: 5/5
  1559 | D:3      | Reached skill level 7 in Axes
  1577 | D:3      | Became a worshipper of Beogh the Brigand
  1829 | D:3      | Found a bloodstained altar of Trog.
  2511 | D:4      | Reached skill level 8 in Axes
  2511 | D:4      | Reached XP level 6. HP: 28/51 MP: 6/6
  2826 | D:4      | Noticed an orc warrior
  2833 | D:4      | Slain by an orc warrior

Levels and vault maps discovered:
D:1:      lightli_iron_boxes, layout_rooms, minmay_cupped
D:2:      layout_rooms, minmay_small_reverse_x
D:3:      layout_basic, trog_three_pillars_becter
D:4:      layout_cave_pods

Skill      XL: |  1  2  3  4  5 |
---------------+----------------+-----
Axes           | 3 4 5 6 8 |  8.2
Fighting       | |  3.6
Armour         | |  3.2
Dodging        | |  0.1
Stealth        | |  0.7
Shields        | |  3.2

Action                   |  1- 3 |  4- 6 || total
-------------------------+-------+-------++-------
Melee: War axe           |    65 |   198 ||   263
Invok: Convert to Beogh  |       |     1 ||     1
  Eat: Chunk             |       |     6 ||     6
Armor: Scale mail        |    38 |    77 ||   115
Dodge: Dodged            |    15 |    49 ||    64
Block: Shield            |    41 |   111 ||   152
